 Dungeon Crawl Stone Soup version 0.31-a0-833-gc15d34cb79 (webtiles) character file.

Game seed: 10233182009325135698

12663 Bravepunisher the Pandemonic (level 11, -15/53 HPs)
             Began as a Spriggan Monk on Sept 25, 2023.
             Was a High Priest of Makhleb.
             Demolished by an orc knight
             ... wielding a +0 long sword
              (18 damage)
             ... on level 10 of the Dungeon on Sept 26, 2023.
             The game lasted 00:34:01 (9026 turns).

Bravepunisher the Pandemonic (Spriggan Monk)        Turns: 9026, Time: 00:34:01

Health: -15/53     AC:  6    Str: 13    XL:     11   Next: 65%
Magic:  0/22       EV: 32    Int: 13    God:    Makhleb [*****.]
Gold:   654        SH:  0    Dex: 27    Spells: 10/10 levels left

rFire   . . .        B - +2 flail (drain)
rCold   . . .        (no shield)
rNeg    . . .        N - +0 acid dragon scales
rPois   .            (helmet restricted)
rElec   .            (no cloak)
rCorr   +            (gloves unavailable)
SInv    +            (boots unavailable)
Will    +....        l - amulet of guardian spirit
Stlth   ++           o - +6 ring of strength
HPRegen 0.28/turn    D - +6 ring of dexterity
MPRegen 0.18/turn

%: guardian spirit
@: mighty, attractive, very quick
A: very small, no large weapons, unfitting armour, see invisible, speed 3
a: Renounce Religion, Minor Destruction, Lesser Servant of Makhleb, Major
Destruction, Greater Servant of Makhleb


You were on level 10 of the Dungeon.
You worshipped Makhleb.
Makhleb was extremely pleased with you.
You visited 2 branches of the dungeon, and saw 11 of its levels.

You collected 654 gold pieces.

Inventory:

Hand Weapons
 B - a +2 flail of draining (weapon)
Missiles
 s - 5 throwing nets
Armour
 N - +0 acid dragon scales (worn)
Jewellery
 l - an amulet of guardian spirit (around neck)
 o - a +6 ring of strength (left hand)
 y - a ring of poison resistance
 D - a +6 ring of dexterity (right hand)
Wands
 u - a wand of flame (14)
 F - a wand of charming (13)
 J - a wand of iceblast (2)
Scrolls
 b - a scroll of enchant weapon {unknown}
 d - 3 scrolls of brand weapon {unknown}
 h - 11 scrolls of identify {unknown}
 i - 2 scrolls of enchant armour {unknown}
 k - 6 scrolls of teleportation {unknown}
 m - 2 scrolls of summoning {unknown}
 n - 4 scrolls of immolation {unknown}
 v - a scroll of torment {unknown}
 w - a scroll of noise {unknown}
 x - a scroll of silence {unknown}
 z - a scroll of blinking {unknown}
 A - a scroll of amnesia {unknown}
 E - 2 scrolls of fear {unknown}
 I - 2 scrolls of revelation {unknown}
 M - a scroll of poison {unknown}
Potions
 a - a potion of haste {unknown}
 c - 2 potions of ambrosia
 e - 4 potions of might
 f - a potion of invisibility {unknown}
 j - 2 potions of brilliance {unknown}
 p - a potion of resistance {unknown}
 q - 3 potions of degeneration {unknown}
 r - 3 potions of attraction
 t - 5 potions of heal wounds {unknown}
 C - 2 potions of cancellation {unknown}
 H - a potion of berserk rage {unknown}


   Skills:
 + Level 3.8 Fighting
 - Level 3.2 Short Blades
 + Level 1.9 Armour
 + Level 14.2 Dodging
 * Level 14.6 Invocations


You had 10 spell levels left.
You didn't know any spells.
Your spell library contained the following spells:

 Spells                   Type           Power      Damage    Failure   Level
 Freeze                   Ice            0%         1d3       41%         1
 Shock                    Conj/Air       0%         1d3       41%         1
 Cigotuvi's Dreadful Rot  Necr/Pois/Air  0%         N/A       56%         2
 Lesser Beckoning         Tloc           0%         N/A       56%         2
 Sublimation of Blood     Necr           0%         N/A       56%         2
 Wereblood                Tmut           0%         N/A       56%         2
 Frozen Ramparts          Ice            0%         1d1       80%         3
 Gell's Gravitas          Tloc           0%         N/A       80%         3
 Hailstorm                Conj/Ice       0%         3d3       80%         3
 Ignite Poison            Fire/Tmut/Pois 0%         N/A       80%         3
 Inner Flame              Hex/Fire       0%         N/A       80%         3
 Swiftness                Air            0%         N/A       80%         3
 Teleport Other           Tloc           0%         N/A       80%         3
 Airstrike                Air            0%         2d(0-16)  99%         4
 Brom's Barrelling Bould  Conj/Erth      0%         2d3       99%         4
 Dispel Undead            Necr           0%         3d6       99%         4
 Alistair's Intoxication  Tmut/Pois      0%         N/A       100%        5
 Borgnjor's Vile Clutch   Necr/Erth      0%         N/A       100%        5
 Fireball                 Conj/Fire      0%         3d3       100%        5
 Freezing Cloud           Conj/Ice/Air   0%         6-21      100%        5
 Iskenderun's Battlesphe  Conj           0%         2d6       100%        5
 Yara's Violent Unravell  Hex/Tmut       0%         3d3       100%        5
 Conjure Ball Lightning   Conj/Air       0%         3x3d6     100%        6
 Death Channel            Necr           0%         N/A       100%        6
 Eringya's Noxious Bog    Tmut/Pois      0%         4d6       100%        6
 Enfeeble                 Hex            0%         N/A       100%        7
 Orb of Destruction       Conj           0%         9d5       100%        7
 Summon Hydra             Summ           0%         N/A       100%        7


Dungeon Overview and Level Annotations

Branches:
Dungeon (10/15)            Temple (1/1) D:4            Lair (0/5) D:10
    Orc: D:9-12

Altars:
Ashenzari
Cheibriados
Dithmenos
Elyvilon
Fedhas
Gozag
Hepliaklqana
Kikubaaqudgha
Makhleb
Nemelex Xobeh
Okawaru
Qazlal
Ru
Sif Muna
Trog
Uskayaw
Vehumet
Wu Jian
Xom
Yredelemnul
Zin
The Shining One

Annotations:
D:5 1 runed translucent door, lunkers's ghost, novice MeEE
D:7 1 exclusion
D:10 exclusion: oklob plant


Innate Abilities, Weirdness & Mutations

You are very small and have problems with some larger weapons.
You are too small for most types of armour.
You have supernaturally acute eyesight. (SInv)
You cover ground extremely quickly. (Speed+++)


Message History

Unknown command.
You closely miss the kobold demonologist.
The kobold demonologist is heavily wounded.
The quasit completely misses you. The quasit closely misses you.
The quasit claws you. The red devil barely misses you.
The kobold demonologist completely misses you.
The quasit bites you.
* * * LOW HITPOINT WARNING * * *
The quasit misses you. The quasit closely misses you. x2
The quasit claws you but does no damage. x2
You sock the kobold demonologist! You drain the kobold demonologist.
You kill the kobold demonologist!
Makhleb accepts your kill.
The red devil disappears in a puff of smoke!
The quasit disappears in a puff of smoke! x2
The orc knight misses you.
The kobold brigand completely misses you.
You feel better. The kobold brigand closely misses you.
The orc knight hits you with a +0 long sword!
You sock the kobold brigand!
The kobold brigand is heavily wounded.
You carefully extract the barbed spikes from your body.
The kobold brigand completely misses you.
The orc knight hits you with a +0 long sword!
* * * LOW HITPOINT WARNING * * *
You sock the kobold brigand! You drain the kobold brigand.
You kill the kobold brigand!
Makhleb accepts your kill.
You feel better. The orc knight completely misses you.
The orc knight hits you with a +0 long sword!
* * * LOW HITPOINT WARNING * * *
You feel better.
The orc knight hits you with a +0 long sword!
* * * LOW HITPOINT WARNING * * *
It was a potion of attraction.
You feel attractive to monsters. The orc knight completely misses you.
The orc knight is attracted toward you.
The orc knight hits you with a +0 long sword!!
You die...

........#####.<.............
...................)........
............................
....................#######.
########............# +.
#....######..# #. #....#
#..# #. #....# #..#######.
#...@# #......... #####..o.#
#........
......ยง.#######........
##.....#)..โ‰ˆ...#...######
#.......#...#...........
.'....).##PP.##..........
.#....#..PPPP...#........
#...)#โ‰ˆ..P>P..โ‰ˆ#........
.!....#....P....#.#######


You could see an orc knight.

Vanquished Creatures
  Harold (D:9)
  A centaur warrior (D:8)
  3 two-headed ogres
  A skeletal warrior (D:10)
  A wolf spider (shapeshifter) (D:10)
  A wolf spider (D:10)
  A manticore (D:10)
  An ugly thing (D:10)
  A cyclops (D:10)
  An unseen horror (D:8)
  A kobold demonologist (D:10)
  A merfolk (D:9)
  A hornet (D:10)
  2 yaks (D:8)
  Grum (D:8)
  Menkaure (D:6)
  An acid dragon (D:10)
  3 water moccasins
  6 black bears
  3 ice beasts
  3 sky beasts
  3 orc warriors
  2 centaurs
  An ogre (D:7)
  4 wolves (D:8)
  A phantom (D:7)
  4 bullfrogs
  3 kobold brigands
  2 scorpions
  A gnoll sergeant (D:9)
  3 killer bees (D:8)
  6 howler monkeys
  A jelly (D:7)
  A gnoll bouda (D:7)
  3 orc priests
  5 hounds
  2 sleepcaps
  3 iguanas (D:5)
  8 orc wizards
  9 adders
  13 gnolls
  A shadow imp (D:7)
  2 white imps
  An ufetubus (D:5)
  3 dart slugs
  15 orcs
  5 endoplasms
  2 giant cockroaches (D:3)
  6 goblins
  11 hobgoblins
  4 ball pythons
  3 bats
  7 frilled lizards
  11 kobolds
  4 rats
185 creatures vanquished.

Vanquished Creatures (collateral kills)
  A skeletal warrior (D:8)
  A gargoyle (D:8)
  A slime creature (D:10)
  A steam dragon (D:7)
  A water moccasin (D:7)
  An ice beast (D:7)
  A sky beast (D:7)
  A kobold brigand (D:8)
  A bullfrog (D:7)
9 creatures vanquished.

Grand Total: 194 creatures vanquished

Notes
Turn   | Place    | Note
-------+----------+-------------------------------------------
     0 | D:1      | Bravepunisher the Spriggan Monk began the quest for the
                  | Orb.
     0 | D:1      | Reached XP level 1. HP: 11/11 MP: 2/2
   168 | D:5      | Entered Level 5 of the Dungeon
   183 | D:4      | Found a staircase to the Ecumenical Temple.
   192 | Temple   | Entered the Ecumenical Temple
   202 | Temple   | Became a worshipper of Makhleb the Destroyer
   202 | Temple   | Reached * piety under Makhleb
   202 | Temple   | Reached ** piety under Makhleb
   392 | D:2      | Reached skill level 1 in Invocations
   392 | D:2      | Reached XP level 2. HP: 14/16 MP: 3/3
   768 | D:1      | Reached XP level 3. HP: 17/19 MP: 5/5
  1121 | D:2      | Reached XP level 4. HP: 22/24 MP: 6/6
  1162 | D:2      | Reached skill level 5 in Dodging
  1207 | D:2      | Reached *** piety under Makhleb
  1234 | D:2      | Identified the +1 chain mail "Riumm" {Str+7 Slay+3}
  1782 | D:3      | Reached XP level 5. HP: 27/28 MP: 8/8
  2099 | D:3      | Found a faded altar of an unknown god.
  2816 | D:4      | Noticed a black bear
  2825 | D:4      | Killed a black bear
  2826 | D:4      | Reached XP level 6. HP: 31/32 MP: 10/10
  3046 | D:5      | Reached skill level 5 in Invocations
  3206 | D:5      | Reached XP level 7. HP: 34/36 MP: 12/12
  3295 | D:5      | Found a runed translucent door.
  3299 | D:5      | Noticed lunkers's ghost (novice MeEE)
  3738 | D:6      | Reached **** piety under Makhleb
  4030 | D:6      | Reached XP level 8. HP: 39/40 MP: 14/14
  4269 | D:6      | Noticed Menkaure
  4275 | D:6      | Killed Menkaure
  5410 | D:7      | Reached XP level 9. HP: 37/44 MP: 13/17
  5493 | D:7      | Reached skill level 10 in Dodging
  5614 | D:7      | Reached skill level 10 in Invocations
  5719 | D:7      | Noticed a deep elf pyromancer
  5960 | D:8      | Noticed a two-headed ogre
  5972 | D:8      | Killed a two-headed ogre
  5973 | D:8      | Reached XP level 10. HP: 29/49 MP: 16/19
  6111 | D:8      | Found a shadowy altar of Dithmenos.
  6143 | D:8      | Noticed Grum
  6185 | D:8      | Killed Grum
  6185 | D:8      | Reached ***** piety under Makhleb
  6493 | D:8      | Noticed a skeletal warrior
  6601 | D:8      | Killed a skeletal warrior
  6999 | D:8      | Noticed a centaur warrior
  7014 | D:8      | Killed a centaur warrior
  7113 | D:8      | Noticed a gargoyle
  7136 | D:8      | Killed a gargoyle
  7581 | D:9      | Found a glowing silver altar of Zin.
  7612 | D:9      | Noticed a two-headed ogre
  7648 | D:9      | Killed a two-headed ogre
  7649 | D:9      | Reached XP level 11. HP: 48/52 MP: 22/22
  7836 | D:9      | Noticed Harold
  7846 | D:9      | Killed Harold
  8264 | D:10     | Entered Level 10 of the Dungeon
  8306 | D:10     | Noticed a two-headed ogre
  8333 | D:10     | Killed a two-headed ogre
  8581 | D:10     | Noticed a wolf spider
  8593 | D:10     | Killed a wolf spider
  8628 | D:10     | Reached skill level 1 in Armour
  8644 | D:10     | Noticed a purple ugly thing
  8649 | D:10     | Noticed a skeletal warrior
  8655 | D:10     | Killed a purple ugly thing
  8693 | D:10     | Noticed a deep elf pyromancer
  8788 | D:10     | Noticed a centaur warrior
  8809 | D:10     | Killed a skeletal warrior
  8977 | D:10     | Noticed a centaur warrior
  8987 | D:10     | Found a staircase to the Lair.
  8989 | D:10     | Noticed an oklob plant
  8995 | D:10     | Noticed a wolf spider
  9002 | D:10     | Killed a wolf spider
  9011 | D:10     | Noticed an orc knight
  9026 | D:10     | Demolished by an orc knight

Illustrated notes

Levels and vault maps discovered:
D:1:      arrival_zaba_pyramid, layout_basic,
          nicolae_concentric_dashed_squares_wild
D:2:      layout_basic, minivault_27, dk_noncrumbling_3, minivault_25
D:3:      minmay_door_path, layout_loops_corners,
          chequers_ecumenical_altar_lobes
D:4:      layout_loops_cross, minmay_temple_entry_poolview,
          minmay_misc_feat_tower
D:5:      layout_gridville, ebering_ghost_sewer_d
D:6:      layout_loops_cross, uniq_menkaure
D:7:      kennysheep_windowed_halls, layout_loops_ring
D:8:      wad_statue_garden, layout_basic, general_overflow_altar, uniq_grum
D:9:      layout_loops_cross, zin_statuary, hangedman_fish_farm, uniq_harold
D:10:     layout_irregular_city, dpeg_oklobed_lair, minivault_28
Temple:   nicolae_temple_slightly_damp_pantheon

Skill      XL: |  1  2  3  4  5  6  7  8  9 10 11 |
---------------+----------------------------------+-----
Invocations    | 1 2 3 4 5 7 9 11 13 14 | 14.6
Fighting       | 3 |  3.8
Dodging        | 5 6 8 9 11 13 14 | 14.2
Armour         | 1 |  1.9
Short Blades   | |  3.2

Action                     |  1- 3 |  4- 6 |  7- 9 | 10-12 || total
---------------------------+-------+-------+-------+-------++-------
  Melee: Short sword       |    19 |     5 |     6 |       ||    30
         Flail             |       |       |    33 |    99 ||   132
         Punch             |       |       |       |     1 ||     1
 Invoke: Minor Destruction |    66 |    89 |   195 |   172 ||   522
         Lesser Servant of |       |       |     1 |     4 ||     5
         Major Destruction |       |       |       |     1 ||     1
  Evoke: Wand              |       |       |     4 |    16 ||    20
    Use: Potion            |     2 |       |     1 |     5 ||     8
   Stab: Sleeping          |     1 |       |       |       ||     1
         Distracted        |       |       |     2 |     1 ||     3
 Armour: Robe              |    10 |     5 |    31 |    37 ||    83
         Acid dragon scale |       |       |       |    25 ||    25
  Dodge: Dodged            |    22 |    15 |    99 |   237 ||   373

Table legend: (Time is in decaauts)
 A = Elapsed time spent in this place.
 B = Non-inter-level travel time spent in this place.
 C = Inter-level travel time spent in this place.
 D = Time resting spent in this place.
 E = Time spent auto-exploring this place.
 F = Levels seen in this place.
 G = Mean time per level.
                   A        B        C        D        E       F      G
               +--------+--------+--------+--------+--------+-----+--------+
         Total |   6566 |   6335 |    231 |    320 |   4430 |  11 |  596.9 |
       Dungeon |   6553 |   6333 |    220 |    320 |   4430 |  10 |  655.3 |
        Temple |     13 |      3 |     10 |      0 |      0 |   1 |   13.0 |
               +--------+--------+--------+--------+--------+-----+--------+

Top non-repeatable levels by time:
     D:8: 1194 daAuts
     D:7: 1001 daAuts
     D:6: 677 daAuts
     D:9: 620 daAuts
     D:3: 610 daAuts
    D:10: 597 daAuts
     D:4: 570 daAuts
     D:1: 442 daAuts
     D:2: 419 daAuts
     D:5: 417 daAuts
  Temple: 13 daAuts
